 Dungeon Sprint DCSS version 0.18-a0-1683-gf9322e6 (webtiles) character file.

10900000 minicreteconcrete the Conqueror (level 27, -11/323 HPs)
             Began as an Ogre Fighter on Apr 3, 2016.
             Was the Champion of Makhleb.
             Killed from afar by a scourge (19 damage)
             ... with a poison arrow
             ... in the Dungeon (Sprint VIII: "Arena of Blood").
             The game lasted 00:05:30 (109 turns).

minicreteconcrete the Conqueror (Ogre Fighter)       Turns: 109, Time: 00:05:31

Health: -11/323    AC:  5    Str: 32    XL:     27
Magic:  43/54      EV: 27    Int:  7    God:    Makhleb [******]
Gold:   0          SH:  0    Dex: 15    Spells: 0 memorised, 80 levels left

rFire  . . .     SeeInvis +     l - +∞ Axe of Woe
rCold  . . .     Gourm    .     b - +0 robe
rNeg   . . .     Faith    .     (shield currently unavailable)
rPois  .         Spirit   .     (helmet restricted)
rElec  .         Dismiss  .     (no cloak)
rCorr  .         Reflect  .     (gloves unavailable)
SustAt .         Harm     .     (boots unavailable)
MR     ++...     NoTele   +     (no amulet)
Stlth  ++++++....               (no ring)
                                k - ring of see invisible

@: lethally poisoned (-11 -> -20), very resistant to hostile enchantments, very
stealthy
A: unfitting armour, tough skin 1
a: Minor Destruction, Lesser Servant of Makhleb, Major Destruction, Greater
Servant of Makhleb, Renounce Religion


You were in the Dungeon.
You worshipped Makhleb.
Makhleb was exalted by your worship.
You were not hungry.

You visited 1 branch

Inventory:

Hand Weapons
 a - a +0 war axe
 l - the +∞ Axe of Woe (weapon)
   (You found it in the Dungeon)
Armour
 b - a +0 robe (worn)
 c - a +0 shield
Jewellery
 k - a ring of see invisible (left hand)
Potions
 d - a potion of might
 e - a potion of curing
 h - a potion of haste
 i - 2 potions of magic
 j - a potion of berserk rage
Comestibles
 f - a bread ration


   Skills:
 O Level 27 Fighting
 O Level 27 Axes
 O Level 27 Throwing
 O Level 27 Armour
 O Level 27 Dodging
 O Level 27 Stealth
 O Level 27 Shields
 O Level 27 Unarmed Combat
 O Level 27 Spellcasting
 O Level 27 Invocations


You had 80 spell levels left.
You didn't know any spells.

Dungeon Overview and Level Annotations

Branches:
Dungeon (1/1)

Altars:
Makhleb


Innate Abilities, Weirdness & Mutations

You are too large for most types of armour.
You have tough skin (AC +1).


Message History

* * * LOW HITPOINT WARNING * * *
Unknown command.
Drink which item? (? for menu, Esc to quit)
You feel much better.
You hear a shout! x2
The meat berserker rages.
The accursed gestures at you while chanting.
Something smites you!
* * * LOW HITPOINT WARNING * * *
You hear a shout!
The observer gazes at you. The bolt of fire hits you!
* * * LOW HITPOINT WARNING * * *
The accursed casts a spell at you. Something smites you!
* * * LOW HITPOINT WARNING * * *
The scourge throws poison arrow at you. The poison arrow hits you!
You are lethally poisoned!
You die...

#....%..........####
........)†.........#
.D..##)##)#####....
...o................
##.L...##)##G...%...
...o.G..)))).%.%....
...o....)#G#.......# ...#
........)))%.%...###
##...#........@)).S......
......#.G.....).)...M.....
..............)).......%..
.#.............)...%.......
..#.....W..#...))O.#.%..%.
.....#.....#...M)))#.....o
..#......###)..))))###....
.oo.........))###)).......
......#)...)).§§.)........


You could see 2 accurseds, a tyrant, an eight-headed meat hydra, 4 observers, a
scourge, a wretched soul (invisible), a meat berserker (berserk) and 3 bags of
meat.

Vanquished Creatures
  6 hell beasts (D)
  Edmund (D)
  2 greater mummies (D)
  A great orb of eyes (D)
  2 wraiths (D)
  14 vampire knights (D)
  35 ogres (D)
  4 hydras (D)
  72 orcs (D)
  2 phantoms (D)
  4 hill giants (D)
  4 skeletal warriors (D)
  3 large abominations (D)
  7 small abominations (D)
  15 crawling corpses (D)
172 creatures vanquished.

Vanquished Creatures (others)
  4 orcs (D)
  A small abomination (D)
  4 crawling corpses (D)
9 creatures vanquished.

Grand Total: 181 creatures vanquished

Notes
Turn   | Place    | Note
--------------------------------------------------------------
     0 | D        | minicreteconcrete the Ogre Fighter began the quest for the Orb.
     0 | D        | Reached XP level 1. HP: 24/24 MP: 1/1
     2 | D        | Noticed a bag of meat
     2 | D        | Noticed a meat berserker
     3 | D        | Noticed a bag of meat
     3 | D        | Noticed a meat berserker
     4 | D        | Noticed a bag of meat
     5 | D        | Noticed a bag of meat
     6 | D        | Noticed a bag of meat
     6 | D        | Noticed a bag of meat
     8 | D        | Noticed a bag of meat
     9 | D        | Noticed a meat berserker
    10 | D        | Noticed a meat berserker
    11 | D        | Noticed a meat berserker
    11 | D        | Killed a meat berserker
    11 | D        | Reached XP level 2. HP: 38/72 MP: 2/2
    11 | D        | Reached XP level 3. HP: 42/80 MP: 3/3
    11 | D        | Reached XP level 4. HP: 48/91 MP: 4/4
    11 | D        | Reached XP level 5. HP: 53/100 MP: 5/5
    11 | D        | Reached XP level 6. HP: 57/109 MP: 6/6
    11 | D        | Reached XP level 7. HP: 62/118 MP: 7/7
    11 | D        | Reached XP level 8. HP: 67/127 MP: 8/8
    11 | D        | Reached XP level 9. HP: 72/136 MP: 9/9
    11 | D        | Reached XP level 10. HP: 77/146 MP: 10/10
    11 | D        | Reached XP level 11. HP: 81/154 MP: 11/11
    11 | D        | Reached XP level 12. HP: 87/165 MP: 12/12
    11 | D        | Reached XP level 13. HP: 91/172 MP: 13/13
    11 | D        | Killed a bag of meat
    11 | D        | Reached XP level 14. HP: 99/188 MP: 14/14
    11 | D        | Killed a bag of meat
    12 | D        | Noticed a bag of meat
    12 | D        | Noticed a bag of meat
    12 | D        | Noticed a bag of meat
    12 | D        | Killed a meat berserker
    12 | D        | Reached skill level 27 in Fighting
    12 | D        | Reached XP level 15. HP: 96/206 MP: 15/15
    12 | D        | Killed a meat berserker
    12 | D        | Reached XP level 16. HP: 101/217 MP: 16/16
    12 | D        | Killed a meat berserker
    12 | D        | Reached XP level 17. HP: 105/226 MP: 17/17
    12 | D        | Killed a meat berserker
    12 | D        | Reached skill level 27 in Dodging
    12 | D        | Reached skill level 27 in Shields
    13 | D        | Reached XP level 18. HP: 111/236 MP: 18/18
    14 | D        | Noticed a destroyer
    14 | D        | Noticed a meat berserker
    15 | D        | Noticed a meat berserker
    15 | D        | Reached XP level 19. HP: 116/245 MP: 19/19
    16 | D        | Killed a meat berserker
    16 | D        | Reached skill level 27 in Axes
    18 | D        | Noticed a meat berserker
    18 | D        | Noticed a meat berserker
    19 | D        | Noticed a meat berserker
    19 | D        | Noticed a meat berserker
    20 | D        | Noticed a destroyer
    20 | D        | Killed a meat berserker
    20 | D        | Reached skill level 10 in Spellcasting
    20 | D        | Killed a meat berserker
    20 | D        | Reached XP level 20. HP: 124/256 MP: 19/38
    23 | D        | Reached skill level 15 in Spellcasting
    23 | D        | Killed a destroyer
    23 | D        | Reached skill level 15 in Armour
    23 | D        | Reached XP level 21. HP: 129/265 MP: 19/43
    23 | D        | Killed a destroyer
    24 | D        | Killed a meat berserker
    24 | D        | Reached XP level 22. HP: 135/275 MP: 19/48
    25 | D        | Reached XP level 23. HP: 140/284 MP: 20/53
    28 | D        | Became a worshipper of Makhleb the Destroyer
    29 | D        | Reached skill level 5 in Invocations
    29 | D        | Reached * piety under Makhleb
    29 | D        | Reached skill level 27 in Spellcasting
    30 | D        | Reached ** piety under Makhleb
    30 | D        | Reached *** piety under Makhleb
    30 | D        | Reached skill level 27 in Throwing
    30 | D        | Reached skill level 15 in Invocations
    31 | D        | Noticed a destroyer
    34 | D        | Reached XP level 24. HP: 228/295 MP: 22/54
    34 | D        | Reached **** piety under Makhleb
    34 | D        | Reached skill level 27 in Stealth
    34 | D        | Reached skill level 27 in Unarmed Combat
    36 | D        | Noticed a destroyer
    36 | D        | Noticed a destroyer
    36 | D        | Noticed a destroyer
    37 | D        | Killed a destroyer
    37 | D        | Reached skill level 27 in Armour
    37 | D        | Reached skill level 27 in Invocations
    37 | D        | Reached ***** piety under Makhleb
    37 | D        | Reached XP level 25. HP: 304/304 MP: 23/54
    38 | D        | Killed a destroyer
    38 | D        | Reached XP level 26. HP: 314/314 MP: 24/54
    38 | D        | Reached ****** piety under Makhleb
    38 | D        | Killed a destroyer
    39 | D        | Reached XP level 27. HP: 323/323 MP: 24/54
    40 | D        | Noticed a destroyer
    40 | D        | Killed a destroyer
    41 | D        | Noticed a destroyer
    44 | D        | Noticed a destroyer
    46 | D        | Killed a destroyer
    46 | D        | Killed a destroyer
    47 | D        | Noticed a destroyer
    53 | D        | Killed a destroyer
    55 | D        | Noticed a destroyer
    56 | D        | Noticed a destroyer
    57 | D        | Noticed a destroyer
    57 | D        | Noticed a destroyer
    58 | D        | Noticed an accursed
    59 | D        | Killed a destroyer
    60 | D        | Noticed a meat beast
    60 | D        | Killed a destroyer
    60 | D        | Killed a destroyer
    61 | D        | Noticed a meat beast
    66 | D        | Killed a meat beast
    66 | D        | Killed a meat beast
    67 | D        | Noticed a dread
    68 | D        | Noticed a dread
    70 | D        | Noticed a meat beast
    72 | D        | Killed a destroyer
    73 | D        | Killed a meat beast
    74 | D        | Killed a destroyer
    75 | D        | Noticed a meat beast
    75 | D        | Killed an accursed
    78 | D        | Killed a dread
    84 | D        | Killed a meat beast
    85 | D        | Noticed a meat beast
    87 | D        | Killed a dread
    89 | D        | Killed a meat beast
    93 | D        | Noticed a meat beast
    97 | D        | Killed a meat beast
    98 | D        | Noticed an accursed
    99 | D        | Noticed an accursed
    99 | D        | Noticed The Defiler
    99 | D        | Killed an accursed
   102 | D        | Killed The Defiler
   106 | D        | Noticed an accursed
   106 | D        | Noticed a tyrant
   109 | D        | HP: 8/323 [accursed/divine providence (9)]
   109 | D        | Killed from afar by a scourge

Vault maps used:
D:        meatsprint

Skill      XL: |  1  2  3  4  5  6  7  8  9 10 11 12 13 14 15 16 17 18 19 20 21 22 23 24 |
---------------+-------------------------------------------------------------------------+-----
Fighting       | 22 24 27 | 27.0
Axes           | 8 9 11 12 14 19 26 27 | 27.0
Dodging        | 17 18 22 24 25 27 | 27.0
Shields        | 16 18 21 23 25 27 | 27.0
Throwing       | 13 17 21 24 27 | 27.0
Armour         | 11 15 18 21 25 27 | 27.0
Stealth        | 12 16 19 23 26 27 | 27.0
Unarmed Combat | 12 16 19 23 26 27 | 27.0
Spellcasting   | 14 18 22 26 27 | 27.0
Invocations    | 19 27 | 27.0

Action                   |  1- 3 |  4- 6 |  7- 9 | 10-12 | 13-15 | 16-18 | 19-21 | 22-24 | 25-27 || total
-------------------------+-------+-------+-------+-------+-------+-------+-------+-------+-------++-------
Melee: Executioner's axe |     1 |       |       |       |     1 |     2 |     4 |     5 |    44 ||    57
Invok: Greater Servant o |       |       |       |       |       |       |       |       |     1 ||     1
  Use: Scroll            |     1 |       |       |       |       |       |       |       |       ||     1
       Potion            |       |       |       |       |       |       |       |       |     1 ||     1
